 Dungeon Crawl Stone Soup version 0.32-a0-913-g739538afd8 (webtiles) character file.

Game seed: 13537230921623807028

273 MackTheKnife the Trooper (level 6, -3/49 HPs)
             Began as a Mummy Chaos Knight on Apr 7, 2024.
             Was an Initiate of Gozag.
             Slain by a wyvern (16 damage)
             ... in a sewer.
             The game lasted 00:03:35 (2055 turns).

MackTheKnife the Trooper (Mummy Chaos Knight)       Turns: 2055, Time: 00:03:36

Health: -3/49      AC:  7    Str: 18    XL:     6   Next: 3%
Magic:  6/6        EV: 15    Int: 12    God:    Gozag
Gold:   263        SH:  0    Dex: 13    Spells: 5/5 levels left

rFire   x . .        k - +8 dagger of Vacawkir {spect, ^Contam Str+3 SInv, short}
rCold   + . .        (no shield)
rNeg    + + +        b - +2 leather armour
rPois   ∞            (no helmet)
rElec   .            n - +1 cloak
rCorr   .            (no gloves)
SInv    +            (no boots)
Will    .....        i - amulet of regeneration {@e2}
Stlth   +            f - +5 ring of evasion
HPRegen 1.08/turn    j - ring of see invisible
MPRegen 0.10/turn

%: faith
@: no status effects
A: cold resistance 1, negative energy resistance 3, torment resistance 2, heat
vulnerability 1, in touch with death 1, no potions, faith
a: Renounce Religion, Potion Petition, Call Merchant, Bribe Branch


You were in a sewer.
You worshipped Gozag.
Gozag was aware of your devotion.
You visited 1 branch of the dungeon, and saw 3 of its levels.
You also visited: Sewer.

You collected 295 gold pieces.
You paid 32 gold pieces to Gozag.


Innate Abilities, Weirdness & Mutations

You are immune to poison.
Your flesh is cold resistant. (rC+)
You are immune to negative energy. (rN+++)
You are immune to unholy pain and torment.
You are vulnerable to heat. (rF-)
You are in touch with the powers of death.
You do not drink.
You have a special connection with the divine. (Faith)


   Skills:
 + Level 4.5 Fighting
 - Level 3.0 Short Blades
 - Level 3.6 Maces & Flails
 - Level 1.5 Armour
 - Level 0.7 Dodging


You had 5 spell levels left.
You didn't know any spells.
Your spell library contained the following spells:

 Spells                   Type           Power      Damage    Failure   Level
 Apportation              Tloc           0%         N/A       36%         1
 Jinxbite                 Hex            0%         N/A       52%         2
 Lesser Beckoning         Tloc           0%         N/A       52%         2
 Ozocubu's Armour         Ice            0%         N/A       75%         3
 Teleport Other           Tloc           0%         N/A       75%         3
 Passage of Golubria      Tloc           0%         N/A       98%         4
 Sticky Flame             Fire/Alch      0%         2d4       98%         4
 Alistair's Intoxication  Alch           0%         N/A       100%        5
 Dispersal                Tloc           0%         N/A       100%        6
 Gell's Gavotte           Tloc           0%         2d(11-16) 100%        6
 Starburst                Conj/Fire      0%         6d3       100%        6

Inventory:

Hand Weapons
 k - the +8 dagger of Vacawkir (weapon) {spect, ^Contam Str+3 SInv, short}
   (You found it on level 2 of the Dungeon)

   Str+3:     It affects your strength (+3).
   SInv:      It lets you see invisible.
   ^Contam:   It causes magical contamination when unequipped.
Missiles
 a - 2 boomerangs {throwing}
 d - 34 stones (quivered) {throwing}
Armour
 b - a +2 leather armour (worn)
 n - a +1 cloak (worn)
   (You took it off Crazy Yiuf on level 2 of the Dungeon)
Jewellery
 f - a +5 ring of evasion (left hand)
   (You found it on level 1 of the Dungeon)
 i - an amulet of regeneration (around neck) {@e2}
   (You found it on level 2 of the Dungeon)
 j - a ring of see invisible (right hand)
   (You found it on level 2 of the Dungeon)
Wands
 o - a wand of flame (17)
   (You found it on level 2 of the Dungeon)
Scrolls
 c - a scroll of butterflies
 e - a scroll of fog {unknown}
 g - a scroll of enchant armour
 h - a scroll of teleportation {unknown}
 l - a scroll of immolation {unknown}
 m - a scroll of vulnerability {unknown}
 p - a scroll of brand weapon {unknown}

Dungeon Overview and Level Annotations

Branches:
Dungeon (3/15) Zot: 16076   Sewer (1/1) Zot: 5846

Altars:
Gozag
Xom

#.~.. ##.... ~~...##
.~..## #...# #~.#
####~~## ##(k.~.$##
#∩@$..~~.# #####
#.~~###...# #.~~~
#~~## ##~~#### #.~~.
#.~ #~$$~~###.~##
#~. ##~~~~..##..#
##. ##~~.##..##~~#
~~ #~~.##~~~##~.##
~~~~~...##.~.###....
#...~~.~##..## #.~.~


You could see a wyvern (ally target) and a friendly +8 dagger of Vacawkir
{spect, ^Contam Str+3 SInv, short}.


Message History

Found a bubbling red potion and a blue potion.
Found a viscous altar of Jiyva.
The jelly closely misses you. The jelly barely misses you.
You puncture the jelly!
Your hands burn!
You hear a loud squeak.
The jelly hits you.
You are splashed with acid.
A river rat comes into view.
The jelly hits you. The acid corrodes you!
You are splashed with acid. 😮 HP[-19]
You take 19 damage, and now have 23/42 hp.
MASSIVE DAMAGE!! (PAUSE)
The jelly attacks as it pursues you! The jelly misses you.
The jelly barely misses you. x2 😮 HP[+2]
You regained 2 hp, and now have 25/42 hp.
Unknown command. 😮 HP[+2]
You regained 2 hp, and now have 27/42 hp.
Unknown command.
You hit the jelly.
Your hands burn!
Your +8 dagger of Vacawkir {spect, ^Contam Str+3 SInv, short} hits the jelly.
Your +8 dagger of Vacawkir {spect, ^Contam Str+3 SInv, short} is burned by acid!
Your spectral weapon shares its damage with you!
* * * LOW HITPOINT WARNING * * *
The jelly hits your +8 dagger of Vacawkir {spect, ^Contam Str+3 SInv, short} but does no damage.
The jelly hits you but does no damage. 😨 HP[-6]
You take 6 damage, and now have 21/42 hp.
Unknown command.
You barely miss the jelly.
Your +8 dagger of Vacawkir {spect, ^Contam Str+3 SInv, short} hits the jelly.
Your +8 dagger of Vacawkir {spect, ^Contam Str+3 SInv, short} is burned by acid!
Your spectral weapon shares its damage with you!
* * * LOW HITPOINT WARNING * * *
The jelly closely misses your +8 dagger of Vacawkir {spect, ^Contam Str+3 SInv, short}.
The jelly barely misses your +8 dagger of Vacawkir {spect, ^Contam Str+3 SInv, short}. 😨 HP[-3]
You take 3 damage, and now have 18/42 hp.
Unknown command.
Your +8 dagger of Vacawkir {spect, ^Contam Str+3 SInv, short} disappears. 😨 HP[+1] Unknown command.
Okay, then.
The jelly attacks as it pursues you! The jelly closely misses you. 😨 HP[+2]
You regained 2 hp, and now have 21/42 hp.
You hit the jelly.
Your hands burn!
* * * LOW HITPOINT WARNING * * *
Your +8 dagger of Vacawkir {spect, ^Contam Str+3 SInv, short} hits the jelly.
You kill the jelly!
Your Fighting skill increases to level 4! 😨 HP[-2]
You take 2 damage, and now have 19/42 hp.
Aiming: Throw Flame
Press: ? - help, Shift-Dir - straight line, f - jelly
Aim: a jelly (severely wounded, 100% to hit)
The puff of flame hits the jelly.
Your +8 dagger of Vacawkir {spect, ^Contam Str+3 SInv, short} disappears. 😨 HP[+1]
You hit the jelly.
You kill the jelly!
You have reached level 6! 😮 HP[+5] MP[+1]
You now have 49 max hp (+7).
You regained 5 hp, and now have 25/49 hp.
Your mp is fully restored (6).
You hit the river rat.
Your +8 dagger of Vacawkir {spect, ^Contam Str+3 SInv, short} barely misses the river rat.
The river rat completely misses you. 😮 HP[+1]
You hit the river rat.
Your +8 dagger of Vacawkir {spect, ^Contam Str+3 SInv, short} hits the river rat but does no damage.
The river rat twitches its whiskers.
The river rat misses your +8 dagger of Vacawkir {spect, ^Contam Str+3 SInv, short}.
Xom's power touches on a nearby monster.
The river rat evaporates and reforms as a wyvern! 😮 HP[+1]
You hit the wyvern.
Your +8 dagger of Vacawkir {spect, ^Contam Str+3 SInv, short} hits the wyvern.
The wyvern barely misses your +8 dagger of Vacawkir {spect, ^Contam Str+3 SInv, short}. 😮 HP[+1]
You closely miss the wyvern.
Your +8 dagger of Vacawkir {spect, ^Contam Str+3 SInv, short} hits the wyvern.
The wyvern bites you!
* * * LOW HITPOINT WARNING * * *
😨 HP[-8]
You take 8 damage, and now have 20/49 hp.
You closely miss the wyvern.
Your +8 dagger of Vacawkir {spect, ^Contam Str+3 SInv, short} hits the wyvern.
You are no longer corroded.
The wyvern bites your +8 dagger of Vacawkir {spect, ^Contam Str+3 SInv, short}!
Your spectral weapon shares its damage with you!
* * * LOW HITPOINT WARNING * * *
😱 HP[-8]
You take 8 damage, and now have 12/49 hp.
You barely miss the wyvern.
Your +8 dagger of Vacawkir {spect, ^Contam Str+3 SInv, short} hits the wyvern but does no damage.
The wyvern bites you!
You die...
Your body crumbles into a pile of gold.

Skill      XL: |  1  2  3  4  5 |
---------------+----------------+-----
Maces & Flails | 3 |  3.6
Short Blades   | 1 2 3 |  3.0
Fighting       | 4 |  4.5
Armour         | |  1.5
Dodging        | |  0.7

Action                     |  1- 3 |  4- 6 || total
---------------------------+-------+-------++-------
  Melee: Mace              |    73 |       ||    73
         Dagger            |    15 |    96 ||   111
  Evoke: Wand              |       |     1 ||     1
    Use: Scroll            |       |     1 ||     1
   Stab: Distracted        |       |     2 ||     2
 Armour: Leather armour    |    56 |    30 ||    86
  Dodge: Dodged            |    69 |    56 ||   125

Levels and vault maps discovered:
D:1:      dpeg_arrival_rhombus, layout_basic, st_stairs_6,
          reono_crystal_passage, corexii_corridor_pit
D:2:      layout_loops_ring, basic_altar, shapermc_ecumenical_altar_notcrosses,
          kennysheep_jessica_study, uniq_crazy_yiuf_cottage
D:3:      minmay_evil_eye, layout_loops_ring, trog_three_pillars_becter,
          gup_sewer_entry_bowl, minmay_pentangle
Sewer:    sewer_hellmonk_slimy_pipes

Notes
Turn   | Place    | Note
-------+----------+-------------------------------------------
     0 | D:1      | MackTheKnife the Mummy Chaos Knight began the quest for the
                  | Orb.
     0 | D:1      | Reached XP level 1. HP: 18/18 MP: 1/1
     0 | D:1      | magus.rc [v1.9.6]
    53 | D:1      | XOM: silly message
   113 | D:1      | XOM: silly message
   130 | D:1      | You add the spells Teleport Other, Gell's Gavotte and
                  | Dispersal to your library.
   214 | D:1      | Reached XP level 2. HP: 24/24 MP: 2/2
   217 | D:1      | Reached skill level 3 in Maces & Flails
   658 | D:1      | XOM: divination: detect items
   881 | D:2      | XOM: repel stairs
   888 | D:2      | Reached XP level 3. HP: 29/29 MP: 3/3
   925 | D:2      | Found an opulent altar of Gozag.
   965 | D:2      | Identified the +8 dagger of Vacawkir {spect, ^Contam Str+3
                  | SInv}
  1021 | D:2      | Reached skill level 1 in Short Blades
  1076 | D:2      | XOM: scenery: create altars
  1212 | D:2      | XOM: god gift: robe {god gift}
  1282 | D:2      | Found a runed translucent door.
  1283 | D:2      | Noticed Crazy Yiuf
  1293 | D:2      | Paralysed by Crazy Yiuf for 1 turns
  1294 | D:2      | Killed Crazy Yiuf
  1295 | D:2      | Reached XP level 4. HP: 30/35 MP: 4/4
  1375 | D:2      | Found a faded altar of an unknown god.
  1380 | D:2      | Reached skill level 2 in Short Blades
  1444 | D:2      | You pick up a book of Party Tricks and begin reading...
  1444 | D:2      | You add the spells Apportation, Jinxbite and Alistair's
                  | Intoxication to your library.
  1470 | D:2      | XOM: summons 3 hostile demons
  1560 | D:2      | Noticed Jessica
  1564 | D:2      | Killed Jessica
  1666 | D:2      | Fell from the grace of Xom
  1666 | D:2      | Became a worshipper of Gozag Ym Sagoz the Greedy
  1764 | D:3      | XOM: chaos upgrade
  1805 | D:3      | You add the spells Lesser Beckoning, Ozocubu's Armour and
                  | Passage of Golubria to your library.
  1805 | D:3      | Got the Parchment of the Worm
  1851 | D:3      | You add the spells Sticky Flame and Starburst to your
                  | library.
  1851 | D:3      | Got Qyqoe's Catalogue of Hyletic Incineration {@e2}
  1887 | D:3      | Reached XP level 5. HP: 39/41 MP: 5/5
  1903 | D:3      | Found a glowing drain.
  1907 | Sewer    | Entered a sewer
  1933 | Sewer    | Reached skill level 3 in Short Blades
  1964 | Sewer    | XOM: 2-stop teleportation journey
  2039 | Sewer    | Found a viscous altar of Jiyva.
  2048 | Sewer    | Reached skill level 4 in Fighting
  2050 | Sewer    | Reached XP level 6. HP: 25/49 MP: 6/6
  2051 | Sewer    | a river rat changed into a wyvern
  2051 | Sewer    | Noticed a wyvern
  2051 | Sewer    | XOM: polymorph river rat -> wyvern
  2054 | Sewer    | HP: 12/49 [wyvern (8)]
  2055 | Sewer    | Slain by a wyvern

Vanquished Creatures
  3 jellies (Sewer)
  Crazy Yiuf (D:2)
  Jessica (D:2)
  3 adders
  2 river rats
  A dart slug (D:1)
  2 ribbon worms (D:3)
  An orc (D:3)
  13 endoplasms
  2 giant cockroaches
  4 goblins
  7 hobgoblins
  3 jackals (D:2)
  6 quokkas
  7 ball pythons
  6 bats
  6 frilled lizards
  5 kobolds
  10 rats
83 creatures vanquished.

Table legend:
 A = Non-vault XP
 B = Vault XP
 C = Vault XP percentage of total XP
 D = Non-vault monster count
 E = Vault monster count
 F = Vault count percentage of total count
                 A         B        C        D         E       F
            +---------+---------+-------+---------+---------+-------
      Total |     103 |     288 |  73.7 |      47 |      36 |  43.4
            +---------+---------+-------+---------+---------+-------
        D:1 |      36 |       1 |   2.7 |      21 |       1 |   4.5
        D:2 |      58 |      79 |  57.7 |      22 |       3 |  12.0
        D:3 |       9 |      28 |  75.7 |       4 |      10 |  71.4
      Sewer |       0 |     180 | 100.0 |       0 |      22 | 100.0
            +---------+---------+-------+---------+---------+-------

Skill      XL: |  1  2  3  4  5 |
---------------+----------------+-----
Maces & Flails | 3 |  3.6
Short Blades   | 1 2 3 |  3.0
Fighting       | 4 |  4.5
Armour         | |  1.5
Dodging        | |  0.7

Action                     |  1- 3 |  4- 6 || total
---------------------------+-------+-------++-------
  Melee: Mace              |    73 |       ||    73
         Dagger            |    15 |    96 ||   111
  Evoke: Wand              |       |     1 ||     1
    Use: Scroll            |       |     1 ||     1
   Stab: Distracted        |       |     2 ||     2
 Armour: Leather armour    |    56 |    30 ||    86
  Dodge: Dodged            |    69 |    56 ||   125

Illustrated notes

Table legend:
 A = Kills in this place as a percentage of kills in the entire game.
 B = Kills by you in this place as a percentage of kills by you in the entire game.
 C = Kills by friends in this place as a percentage of kills by friends in the entire game.
 D = Other kills in this place as a percentage of other kills in the entire game.
 E = Experience gained in this place as a percentage of experience gained in the entire game.
 F = Experience gained in this place divided by the number of levels of this place that you have seen.
                   A       B       C       D       E      F
               +-------+-------+-------+-------+-------+----------------------
         Total | 100.0 | 100.0 |   N/A |   N/A | 100.0 |  97.8
       Dungeon |  73.5 |  73.5 |   N/A |   N/A |  54.0 |  70.3
         Sewer |  26.5 |  26.5 |   N/A |   N/A |  46.0 | 180.0
               +-------+-------+-------+-------+-------+----------------------

Table legend: (Time is in decaauts)
 A = Elapsed time spent in this place.
 B = Non-inter-level travel time spent in this place.
 C = Inter-level travel time spent in this place.
 D = Time resting spent in this place.
 E = Time spent auto-exploring this place.
 F = Levels seen in this place.
 G = Mean time per level.
                   A        B        C        D        E       F      G
               +--------+--------+--------+--------+--------+-----+--------+
         Total |   2076 |   1981 |     95 |     18 |   1419 |   4 |  519.0 |
       Dungeon |   1924 |   1829 |     95 |     18 |   1351 |   3 |  641.3 |
         Sewer |    152 |    152 |      0 |      0 |     68 |   1 |  152.0 |
               +--------+--------+--------+--------+--------+-----+--------+

Top non-repeatable levels by time:
     D:1: 938 daAuts
     D:2: 750 daAuts
     D:3: 234 daAuts
   Sewer: 152 daAuts
